 Dungeon Crawl Stone Soup version 0.24-a0-335-g06ca16a (webtiles) character file.

Game seed: 14339398192359448000

74 mhoghedin the Grave Robber (level 4, -1/30 HPs)
             Began as a Mummy Necromancer on May 19, 2019.
             Slain by a hobgoblin
             ... wielding a +0 club
              (4 damage)
             ... on level 1 of the Dungeon.
             The game lasted 00:03:43 (1813 turns).

mhoghedin the Grave Robber (Mummy Necromancer)      Turns: 1813, Time: 00:03:43

Health: -1/30      AC:  2    Str: 11    XL:     4   Next: 9%
Magic:  2/8        EV: 12    Int: 15    God:
Gold:   54         SH:  0    Dex: 12    Spells: 3/8 levels left

rFire    x . .     SeeInvis .   h - +1 dagger (vamp) {!w}
rCold    + . .     Gourm    .   (no shield)
rNeg     + + +     Faith    .   a - +0 robe
rPois    ∞         Spirit   .   (no helmet)
rElec    .         Reflect  .   (no cloak)
rCorr    .         Harm     .   (no gloves)
MR       .....                  (no boots)
Stlth    ++........             (no amulet)
HPRegen  0.10/turn              (no ring)
MPRegen  0.11/turn              (no ring)

@: no status effects
A: no food or potions, fire vulnerability, cold resistance 1, negative energy
resistance 3, torment resistance, unbreathing
a: no special abilities


You were on level 1 of the Dungeon.
You were not hungry.

You visited 1 branch of the dungeon, and saw 2 of its levels.

You collected 54 gold pieces.

Inventory:

Hand Weapons
 g - a +0 dagger of venom
   (You took it off a kobold on level 2 of the Dungeon)
 h - a +1 vampiric dagger (weapon) {!w}
   (You took it off a goblin on level 1 of the Dungeon)
Missiles
 d - 7 poisoned darts (quivered)
Armour
 a - a +0 robe (worn)
Scrolls
 b - a scroll of amnesia {unknown}
 c - a scroll of enchant weapon {unknown}
 e - 2 scrolls of blinking {unknown}


   Skills:
 - Level 1.5 Dodging
 - Level 1.5 Stealth
 - Level 2.6 Spellcasting
 + Level 5.7 Necromancy


You had 3 spell levels left.
You knew the following spells:

 Your Spells              Type           Power        Failure   Level  Hunger
a - Pain                  Necr           ###.         1%          1    N/A
x - Vampiric Draining     Necr           ###.......   6%          3    N/A
A - Animate Skeleton      Necr           N/A          1%          1    N/A

Your spell library contained the following spells:

 Spells                   Type           Power        Failure   Level  Hunger
 Animate Dead             Necr           N/A          21%         4    N/A
 Regeneration             Chrm/Necr      Unusable     N/A         3    N/A

Dungeon Overview and Level Annotations

Branches:
Dungeon (2/15)

Altars:

Annotations:
D:2 Robin, Terence


Innate Abilities, Weirdness & Mutations

You do not eat or drink.
Your flesh is vulnerable to fire.
You are immune to poison.
Your flesh is cold resistant. (rC+)
You are immune to negative energy. (rN+++)
You are immune to unholy pain and torment.
You can survive without breathing.


Message History

Level annotation: Robin A rat, a worm, 4 hobgoblins and 2 kobolds come into view.
The hobgoblin shouts! x3; The kobold shouts!
The kobold hits you.
You hear a shout!
Found two stone staircases leading down and a stone staircase leading up.
There is a stone staircase leading up here.
You take 2 damage, and have 28/30 hp.
You hit the kobold but do no damage. The kobold hits you.
The hobgoblin hits you but does no damage.
You take 1 damage, and have 27/30 hp.
The kobold barely misses you. The rat bites you.
The hobgoblin barely misses you.
You climb upwards.
There is a stone staircase leading down here.
You take 2 damage, and have 25/30 hp.
You hit the kobold.
You kill the kobold!
The rat bites you but does no damage.
You hit the hobgoblin but do no damage. The rat closely misses you.
The hobgoblin closely misses you.
You barely miss the hobgoblin. The rat bites you.
The hobgoblin closely misses you.
You take 2 damage, and have 23/30 hp.
You barely miss the hobgoblin. The rat closely misses you.
The hobgoblin barely misses you.
You closely miss the hobgoblin. The rat closely misses you.
You hit the hobgoblin. The hobgoblin barely misses you.
The rat closely misses you.
You hit the rat.
You feel better.
The hobgoblin hits you with a cursed -3 club.
The rat barely misses you.
You hit the rat.
You feel better.
You kill the rat!
The hobgoblin barely misses you. The hobgoblin closely misses you.
You see here a rat corpse.
The hobgoblin closely misses you.
There is a stone staircase leading down here.
You hit the hobgoblin.
You feel better.
You kill the hobgoblin!
You regained 2 hp, and now have 27/30 hp.
Things that are here:
a cursed -3 club; 2 stones; a hobgoblin corpse You start resting.
Health restored: 30 Unknown command.
Things that are here:
a cursed -3 club; 2 stones; a hobgoblin corpse
There is a stone staircase leading down here.
Okay, then.
Unknown command.
Okay, then.
Unknown command.
You climb downwards.
Level annotation: Robin Terence the Incautious comes into view.
He is wielding a +4 hand axe of electrocution and carrying a wand of flame (26).
The hobgoblin hits you with a +0 club. The kobold barely misses you.
The hobgoblin completely misses you. The hobgoblin hits you.
The worm bites you! The hobgoblin completely misses you.
The kobold closely misses you.
There is a stone staircase leading up here.
You take 17 damage, and have 13/30 hp.
MASSIVE DAMAGE!!
The hobgoblin closely misses you. The hobgoblin hits you. x2
The kobold barely misses you.
You climb upwards.
There is a stone staircase leading down here.
You take 2 damage, and have 11/30 hp.
Aim: a hobgoblin You kill the hobgoblin!
You feel life coursing into your body.
The kobold hits you with a +0 short sword.
You now have 5/8 mp.
Aim: a kobold, wielding a +0 short sword You kill the kobold!
You feel life coursing into your body. The hobgoblin barely misses you.
You regained 2 hp, and now have 14/30 hp.
You now have 2/8 mp.
You hit the hobgoblin.
The hobgoblin hits you but does no damage.
The hobgoblin closely misses you.
You hit the hobgoblin but do no damage. The hobgoblin hits you.
The hobgoblin hits you with a +0 club.
You take 4 damage, and have 11/30 hp.
You barely miss the hobgoblin. The hobgoblin hits you.
* * * LOW HITPOINT WARNING * * *
The hobgoblin barely misses you.
You take 4 damage, and have 7/30 hp.
Okay, then.
Unknown command.
You hit the hobgoblin but do no damage. The hobgoblin hits you.
* * * LOW HITPOINT WARNING * * *
The hobgoblin hits you with a +0 club.
* * * LOW HITPOINT WARNING * * *
You take 4 damage, and have 3/30 hp.
Unknown command.
You closely miss the hobgoblin. The hobgoblin closely misses you.
The hobgoblin hits you with a +0 club.
You die...

#.#.####.#....###.......###.####
#.#...........# ####..........#
#.######.#....# #.#..#####.#
##'## #.#....######.#..)...#.#
....# #.#....#...##.#.####.#.#
....# #.#....'...'...........##
....# #.#....#w..##.#..........
....#####..!#.##g####.######.####
###.........#.##@g...........#
....######.##.######..###########
##..# #...#...................).
##..####.###..######.############
....#......#..##.......#
###.#.##.#.#..##.......#
.^#.#.#..#.#..##.......#
..#.#.##.#.#..##.......#
..#.#.##.#.#..##......)#


You could see a worm and 2 hobgoblins.

Vanquished Creatures
  A gnoll (D:1)
  An adder (D:2)
  An ooze (D:1)
  2 ball pythons (D:2)
  A giant cockroach (D:1)
  14 goblins
  6 hobgoblins
  5 bats
  2 frilled lizards
  7 kobolds
  7 rats
47 creatures vanquished.

Vanquished Creatures (collateral kills)
  A kobold (D:2)
1 creature vanquished.

Grand Total: 48 creatures vanquished

Notes
Turn   | Place    | Note
-------+----------+-------------------------------------------
     0 | D:1      | mhoghedin the Mummy Necromancer began the quest for the
                  | Orb.
     0 | D:1      | Reached XP level 1. HP: 13/13 MP: 4/4
   425 | D:1      | Reached XP level 2. HP: 19/19 MP: 1/5
   672 | D:1      | Reached skill level 5 in Necromancy
   672 | D:1      | Reached XP level 3. HP: 24/24 MP: 0/7
  1261 | D:2      | Learned a level 1 spell: Animate Skeleton
  1265 | D:2      | Learned a level 3 spell: Vampiric Draining
  1302 | D:2      | Noticed Robin
  1564 | D:2      | Reached XP level 4. HP: 22/30 MP: 4/8
  1804 | D:2      | Noticed Terence
  1811 | D:1      | HP: 7/30 [hobgoblin (4)]
  1812 | D:1      | HP: 3/30 [hobgoblin/+0 club (1)]
  1813 | D:1      | Slain by a hobgoblin

Levels and vault maps discovered:
D:1:      co_arrival_random_square_maze, layout_basic, minmay_pentomino_x2
D:2:      layout_rooms, zin_purify, uniq_robin, uniq_terence

Skill      XL: |  1  2 |
---------------+-------+-----
Necromancy     | 5 |  5.7
Dodging        | |  1.5
Stealth        | |  1.5
Spellcasting   | |  2.6

Action                   |  1- 3 |  4- 6 || total
-------------------------+-------+-------++-------
Melee: Unarmed           |     3 |       ||     3
       Short sword       |    15 |       ||    15
       Dagger            |       |    15 ||    15
 Cast: Pain              |    71 |     3 ||    74
       Animate Skeleton  |     2 |       ||     2
       Vampiric Draining |       |     2 ||     2
Armor: Robe              |    11 |     2 ||    13
Dodge: Dodged            |    49 |    28 ||    77

Table legend:
 A = Non-vault XP
 B = Vault XP
 C = Vault XP percentage of total XP
 D = Non-vault monster count
 E = Vault monster count
 F = Vault count percentage of total count
                 A         B        C        D         E       F
            +---------+---------+-------+---------+---------+-------
      Total |      89 |      17 |  16.0 |      39 |       9 |  18.8
            +---------+---------+-------+---------+---------+-------
        D:1 |      59 |       5 |   7.8 |      25 |       3 |  10.7
        D:2 |      30 |      12 |  28.6 |      14 |       6 |  30.0
            +---------+---------+-------+---------+---------+-------

Levels and vault maps discovered:
D:1:      co_arrival_random_square_maze, layout_basic, minmay_pentomino_x2
D:2:      layout_rooms, zin_purify, uniq_robin, uniq_terence

Table legend:
 A = Turns spent in this place as a percentage of turns spent in the entire game.
 B = Non-inter-level travel turns spent in this place as a percentage of non-inter-level travel turns spent in the entire game.
 C = Inter-level travel turns spent in this place as a percentage of turns spent in this place.
 D = Turns resting spent in this place as a percentage of non-inter-level travel turns spent in this place.
 E = Turns spent auto-exploring this place as a percentage of non-inter-level travel turns spent in this place.
 F = Non-inter-level travel turns spent in this place divided by the number of levels of this place that you've seen.
                   A       B       C       D       E      F
               +-------+-------+-------+-------+-------+----------------------
         Total | 100.0 | 100.0 |   4.2 |  43.4 |  36.6 | 868.0
       Dungeon | 100.0 | 100.0 |   4.2 |  43.4 |  36.6 | 868.0
               +-------+-------+-------+-------+-------+----------------------

Table legend:
 A = Kills in this place as a percentage of kills in entire the game.
 B = Kills by you in this place as a percentage of kills by you in the entire game.
 C = Kills by friends in this place as a percentage of kills by friends in the entire game.
 D = Other kills in this place as a percentage of other kills in the entire game.
 E = Experience gained in this place as a percentage of experience gained in the entire game.
 F = Experience gained in this place divided by the number of levels of this place that you have seen.
                   A       B       C       D       E      F
               +-------+-------+-------+-------+-------+----------------------
         Total | 100.0 | 100.0 | 100.0 |   N/A | 100.0 |  53.0
       Dungeon | 100.0 | 100.0 | 100.0 |   N/A | 100.0 |  53.0
               +-------+-------+-------+-------+-------+----------------------
